 Dungeon Crawl Stone Soup version 0.28-a0-779-g3d1f99b579 (webtiles) character file.

Game seed: 5373747894524638305

8 croobank the Ruffian (level 2, 0/26 HPs)
             Began as a Troll Transmuter on Nov 2, 2021.
             Slain by a kobold (2 damage)
             ... on level 1 of the Dungeon.
             The game lasted 00:01:41 (143 turns).

croobank the Ruffian (Troll Transmuter)              Turns: 143, Time: 00:01:42

Health: 0/26       AC:  4    Str: 17    XL:     2   Next: 0%
Magic:  2/3        EV:  9    Int:  9    God:
Gold:   25         SH:  0    Dex: 10    Spells: 3/4 levels left

rFire   . . .      SeeInvis .   d - +0 dagger
rCold   . . .      Faith    .   (no shield)
rNeg    . . .      Spirit   .   a - +0 robe
rPois   .          Reflect  .   (helmet restricted)
rElec   .          Harm     .   (no cloak)
rCorr   .          Rampage  .   (gloves unavailable)
Will    .....                   (boots unavailable)
Stlth   +.........              (no amulet)
HPRegen 1.08/turn               (no ring)
MPRegen 0.08/turn               (no ring)

@: no status effects
A: large, unfitting armour, claws 3, regeneration 1, shaggy fur 1, tough skin 1
a: no special abilities


You were on level 1 of the Dungeon.
You visited 1 branch of the dungeon, and saw 1 of its levels.

You collected 25 gold pieces.

Inventory:

Hand Weapons
 c - a +0 whip
 d - a +0 dagger (weapon)
Missiles
 b - 22 poisoned darts (quivered)
Armour
 a - a +0 robe (worn)


   Skills:
 + Level 0.7 Fighting
 + Level 1.7 Dodging
 + Level 3.1 Unarmed Combat
 + Level 1.5 Spellcasting
 + Level 1.3 Transmutations


You had 3 spell levels left.
You knew the following spells:

 Your Spells              Type           Power      Damage    Failure   Level
a - Beastly Appendage     Tmut           6%         N/A       21%         1

Your spell library contained the following spells:

 Spells                   Type           Power      Damage    Failure   Level
 Wereblood                Tmut           3%         N/A       30%         2
 Spider Form              Tmut/Pois      1%         N/A       63%         3
 Ice Form                 Ice/Tmut       1%         N/A       95%         4


Dungeon Overview and Level Annotations

Branches:
Dungeon (1/15)

Altars:


Innate Abilities, Weirdness & Mutations

You are too large for most types of armour.
You have claws for hands.
Your natural rate of healing is unusually fast.
You are covered in fur. (AC +1)
You have tough skin. (AC +1)


Message History

Aim: an endoplasm (84% to hit)
You throw a poisoned dart.
The poisoned dart barely misses the endoplasm.
Throw: 21 darts (poison)
Press: ? - help, Q - select action, (/) - cycle Shift-Dir - straight line, f/p - endoplasm
Aim: an endoplasm (84% to hit)
You throw a poisoned dart. The poisoned dart hits the endoplasm.
You hit the endoplasm.
The endoplasm is severely wounded.
The endoplasm hits you.
You hit the endoplasm.
You kill the endoplasm!
You have reached level 2!
b - 21 poisoned darts (gained 1)
Found a club.
b - 22 poisoned darts (gained 1)
A kobold comes into view.
It is wielding a +1 whip of electrocution.
Found a smoky red potion.
The kobold shouts!
A bat comes into view.
The kobold misses you.
You see here a poisoned dart.
You barely miss the kobold.
The kobold hits you with a +1 whip of electrocution.
You hit the kobold but do no damage.
The kobold hits you with a +1 whip of electrocution.
You are electrocuted!
Ouch! That really hurt!
* * * LOW HITPOINT WARNING * * *
You hit the kobold.
The kobold is moderately wounded.
The kobold barely misses you.
You hit the kobold but do no damage.
The kobold is moderately wounded.
The kobold hits you with a +1 whip of electrocution.
* * * LOW HITPOINT WARNING * * *
You closely miss the kobold.
The kobold is moderately wounded.
The kobold hits you with a +1 whip of electrocution.
You die...

## .! .# .# .#
# ##.#
#.##@.###
#.bK....####
####........
##.##......).
##...#..#.####
#.......#.#
##...#..# ###
#......###...
#.....##.....


You could see a bat and a kobold.

Vanquished Creatures
  A bat (D:1)
  2 endoplasms (D:1)
  A goblin (D:1)
  A quokka (D:1)
  A kobold (D:1)
  A rat (D:1)
7 creatures vanquished.

Notes
Turn   | Place    | Note
-------+----------+-------------------------------------------
     0 | D:1      | croobank the Troll Transmuter began the quest for the Orb.
     0 | D:1      | Reached XP level 1. HP: 18/18 MP: 1/1
   130 | D:1      | Reached XP level 2. HP: 26/26 MP: 1/3
   142 | D:1      | HP: 1/26 [kobold (5)]
   143 | D:1      | Slain by a kobold

Illustrated notes

Levels and vault maps discovered:
D:1:      dpeg_arrival_rooms_c, layout_loops_ring,
          hellmonk_ecumenical_altar_prayer_group

Action                   || total
-------------------------++-------
Melee: Whip              ||    20
       Dagger            ||     8
       Unarmed           ||     3
Throw: Dart              ||     8
Armor: Robe              ||     7
Dodge: Dodged            ||    13

Table legend: (Time is in decaauts)
 A = Elapsed time spent in this place.
 B = Non-inter-level travel time spent in this place.
 C = Inter-level travel time spent in this place.
 D = Time resting spent in this place.
 E = Time spent auto-exploring this place.
 F = Levels seen in this place.
 G = Mean time per level.
                   A        B        C        D        E       F      G
               +--------+--------+--------+--------+--------+-----+--------+
         Total |    144 |    144 |      0 |      4 |     23 |   1 |  144.0 |
       Dungeon |    144 |    144 |      0 |      4 |     23 |   1 |  144.0 |
               +--------+--------+--------+--------+--------+-----+--------+

Top non-repeatable levels by time:
     D:1: 144 daAuts
